 Dungeon Crawl Stone Soup version 0.16.0-16-g311141a (console) character file.

240 gw the Ducker (level 5, 0/23 HPs)
             Began as a Felid Venom Mage on Mar 19, 2015.
             Succumbed to a killer bee's poison
             ... on level 3 of the Dungeon.
             The game lasted 00:02:32 (2878 turns).

gw the Ducker (Felid Venom Mage)                    Turns: 2878, Time: 00:02:32

Health: 0/23       AC:  1    Str:  4    XL:     5   Next: 80%
Magic:  2/14       EV: 20    Int: 18    God:
Gold:   174        SH:  0    Dex: 16    Spells: 2 memorised, 6 levels left
                                        Lives:  0   Deaths: 1

rFire  . . .     SeeInvis +       - Unarmed
rCold  . . .     Clarity  +     (armour unavailable)
rNeg   . . .     SustAb   .     (shield unavailable)
rPois  .         Gourm    .     (helmet unavailable)
rElec  .         Spirit   .     (cloak unavailable)
rCorr  .         Warding  .     (gloves unavailable)
rMut   .         Stasis   .     (boots unavailable)
MR     .....                    d - amulet of clarity
Stlth  +++.......               (no ring)
                                (no ring)

@: lethally poisoned (0 -> -4), quick, not resistant to hostile enchantments,
fairly stealthy
A: paw claws, no armour, no weapons or thrown items, fangs 3, see invisible,
carnivore 3, speed 1, shaggy fur 1, slow metabolism 1, sharp paws
a: no special abilities


You were on level 3 of the Dungeon.
You were completely stuffed.

You visited 1 branch of the dungeon, and saw 3 of its levels.

You collected 174 gold pieces.

Inventory:

Jewellery
 d - an amulet of clarity (around neck)
Scrolls
 e - 2 scrolls of identify
Books
 b - a Young Poisoner's Handbook

   Spells                             Type                      Level
   a - Sting                          Conjuration/Poison           1
   b - Cure Poison                    Poison                       2
   c - Mephitic Cloud                 Conjuration/Poison/Air       3
   d - Olgreb's Toxic Radiance        Poison                       4
   e - Venom Bolt                     Conjuration/Poison           5
Comestibles
 c - 2 meat rations
 j - a beef jerky


   Skills:
 + Level 2.6 Fighting
 + Level 4.7 Dodging
 - Level 2.6 Stealth
 + Level 1.5 Unarmed Combat
 * Level 3.2 Spellcasting
 + Level 4.4 Poison Magic


You had 6 spell levels left.
You knew the following spells:

 Your Spells              Type           Power        Failure   Level  Hunger
a - Sting                 Conj/Pois      ##..         8%          1    None
b - Mephitic Cloud        Conj/Pois/Air  #.......     30%         3    ###....


Dungeon Overview and Level Annotations

Branches:
Dungeon (3/15)

Altars:
Cheibriados

Annotations:
D:2 exclusion: downstairs


Innate Abilities, Weirdness & Mutations

You cannot wear armour.
You are incapable of wielding weapons or throwing items.
You have razor-sharp teeth.
You have supernaturally acute eyesight.
You are carnivorous and can eat meat at any time.
You cover ground quickly.
You are covered in fur (AC +1).
You have a slow metabolism.
Your paws have sharp claws that are effective at stabbing.


Message History

You swing at nothing.
You feel sick.
Unknown command.
Unknown command.
Unknown command.
Unknown command.
ATTACKING (0,1)
You swing at nothing.
Unknown command.
Unknown command.
Unknown command.
Unknown command.
ATTACKING (1,0)
You swing at nothing.
Unknown command.
Unknown command.
Unknown command.
Unknown command.
ATTACKING (1,0)
You swing at nothing.
You die...

##...# ##...<#####
###.........#
##..###.........
#...###.).......
.......#...#........#
.########..........
###.........
#h..........
#%#........
..%#.######. .......#
.......... #.....###
..#...# ...... ...


There were no monsters in sight!

Table legend:
 A = Turns spent in this place as a percentage of turns spent in the entire game.
 B = Non-inter-level travel turns spent in this place as a percentage of non-inter-level travel turns spent in the entire game.
 C = Inter-level travel turns spent in this place as a percentage of turns spent in this place.
 D = Turns resting spent in this place as a percentage of non-inter-level travel turns spent in this place.
 E = Turns spent auto-exploring this place as a percentage of non-inter-level travel turns spent in this place.
 F = Non-inter-level travel turns spent in this place divided by the number of levels of this place that you've seen.
                   A       B       C       D       E      F
               +-------+-------+-------+-------+-------+----------------------
         Total | 100.0 | 100.0 |   1.0 |   3.1 |   2.1 | 1232.7
       Dungeon | 100.0 | 100.0 |   1.0 |   3.1 |   2.1 | 1232.7
               +-------+-------+-------+-------+-------+----------------------

Table legend:
 A = Kills in this place as a percentage of kills in entire the game.
 B = Kills by you in this place as a percentage of kills by you in the entire game.
 C = Kills by friends in this place as a percentage of kills by friends in the entire game.
 D = Other kills in this place as a percentage of other kills in the entire game.
 E = Experience gained in this place as a percentage of experience gained in the entire game.
 F = Experience gained in this place divided by the number of levels of this place that you have seen.
                   A       B       C       D       E      F
               +-------+-------+-------+-------+-------+----------------------
         Total | 100.0 | 100.0 |  -nan |  -nan | 100.0 | 135.7
       Dungeon | 100.0 | 100.0 |  -nan |  -nan | 100.0 | 135.7
               +-------+-------+-------+-------+-------+----------------------

Vanquished Creatures
  4 killer bees (D:3)
  2 gnolls (D:2)
  3 adders (D:2)
  2 giant mites
  A worm (D:2)
  4 giant geckos
  An ooze (D:2)
  8 bats
  11 goblins
  A hobgoblin (D:2)
  5 jackals (D:2)
  3 ball pythons
  5 giant newts
  3 kobolds (D:1)
  7 rats
60 creatures vanquished.

Notes
Turn   | Place    | Note
--------------------------------------------------------------
     0 | D:1      | gw, the Felid Venom Mage, began the quest for the Orb.
     0 | D:1      | Reached XP level 1. HP: 7/7 MP: 4/4
   209 | D:1      | Reached skill level 1 in Fighting
   333 | D:1      | Reached XP level 2. HP: 12/12 MP: 2/5
   762 | D:1      | Reached XP level 3. HP: 12/15 MP: 0/8
   854 | D:1      | Learned a level 3 spell: Mephitic Cloud
  1170 | D:2      | Found a snail-covered altar of Cheibriados.
  1795 | D:2      | Reached XP level 4. HP: 10/19 MP: 0/11
  1960 | D:2      | Reached skill level 4 in Dodging
  1969 | D:2      | Slain by a hobgoblin
  1970 | D:2      | Reached XP level 3. HP: -2/16 MP: 0/8
  2593 | D:2      | Reached XP level 4. HP: 9/19 MP: 0/11
  2854 | D:3      | Reached skill level 1 in Unarmed Combat
  2859 | D:3      | Reached XP level 5. HP: 14/23 MP: 4/13
  2871 | D:3      | HP: 1/23 [poisoned by a killer bee]
  2878 | D:3      | Succumbed to a killer bee's poison

Action                   |  1- 3 |  4- 6 || total
-------------------------+-------+-------++-------
Melee: Unarmed           |    17 |    14 ||    31
 Cast: Sting             |   124 |    37 ||   161
  Use: Scroll            |     9 |       ||     9
       Potion            |     2 |     1 ||     3
  Eat: Chunk             |    17 |     1 ||    18

Vault maps used:
D:1:      minmay_arrival_plants_in_alcoves
D:2:      cheibriados_altar_1
D:3:      okawaru_gym_becter, trog_hazing_becter
